 Dungeon Crawl Stone Soup version 0.31-a0-237-g2d982f9f85 (webtiles) character file.

Game seed: 1959555287179377340

345 vineage the Covered (level 6, -1/39 HPs)
             Began as a Gargoyle Fighter on July 9, 2023.
             Slain by a gnoll
             ... wielding a +0 club
              (5 damage)
             ... on level 3 of the Dungeon on July 11, 2023.
             The game lasted 00:03:29 (2944 turns).

vineage the Covered (Gargoyle Fighter)              Turns: 2944, Time: 00:03:30

Health: -1/39      AC: 11    Str: 20    XL:     6   Next: 58%
Magic:  6/6        EV:  9    Int:  8    God:
Gold:   193        SH:  5    Dex: 11    Spells: 5/5 levels left

rFire   . . .        a - +0 flail
rCold   . . .        c - +0 buckler
rNeg    + . .        b - +0 scale mail
rPois   ∞            (no helmet)
rElec   +            (no cloak)
rCorr   .            (no gloves)
SInv    .            (no boots)
Will    .....        (no amulet) Stlth
                     (no ring)
HPRegen 0.26/turn    (no ring)
MPRegen 0.10/turn

%: no passive effects
@: mighty
A: sickness immunity, AC +4, negative energy resistance 1, electricity
resistance, torment resistance 1, petrification resistance
a: no special abilities


You were on level 3 of the Dungeon.
You visited 1 branch of the dungeon, and saw 3 of its levels.

You collected 193 gold pieces.

Inventory:

Hand Weapons
 a - a +0 flail (weapon)
Armour
 b - a +0 scale mail (worn)
 c - a +0 buckler (worn)
Jewellery
 i - a ring of ice
 n - a ring of wizardry
 s - a ring of willpower
 t - a +6 ring of dexterity
Scrolls
 f - a scroll of enchant weapon {unknown}
 h - 2 scrolls of teleportation
 j - 2 scrolls of fear {unknown}
 k - a scroll of poison {unknown}
 l - a scroll of enchant armour {unknown}
 m - a scroll of summoning {unknown}
 o - a scroll of acquirement {unknown}
 r - 2 scrolls of amnesia {unknown}
Potions
 p - a potion of degeneration {unknown}
 q - a potion of brilliance {unknown}


   Skills:
 + Level 4.5 Fighting
 * Level 4.5 Maces & Flails
 + Level 4.5 Armour
 + Level 4.5 Shields


You had 5 spell levels left.
You didn't know any spells.
Your spell library was empty.

Dungeon Overview and Level Annotations

Branches:
Dungeon (3/15)

Altars:

Shops:
D:3 *


Innate Abilities, Weirdness & Mutations

You are immune to sickness and miasma.
Your stone body is resilient. (AC +4)
You are immune to poison.
You resist negative energy. (rN+)
You are resistant to electric shocks. (rElec)
You are resistant to unholy torment.
You are immune to petrification.


Message History

You are too injured to fight recklessly!
You are too injured to fight recklessly!
You hit the gnoll sergeant but do no damage.
The gnoll sergeant is moderately wounded.
The gnoll barely misses you.
The gnoll sergeant hits you but does no damage.
You barely miss the gnoll sergeant.
The gnoll sergeant is moderately wounded.
The gnoll hits you but does no damage. You block the gnoll sergeant's attack.
You sock the gnoll sergeant!
The gnoll sergeant is heavily wounded.
The gnoll sergeant hits you but does no damage.
The gnoll hits you but does no damage.
You closely miss the gnoll sergeant.
The gnoll sergeant is heavily wounded.
The gnoll sergeant barely misses you. The gnoll hits you with a +0 club.
The gnoll barely misses you.
The gnoll sergeant hits you with a +0 trident.
* * * LOW HITPOINT WARNING * * *
You sock the gnoll sergeant!
The gnoll sergeant is severely wounded.
You block the gnoll's attack.
The gnoll sergeant hits you with a +0 trident!
* * * LOW HITPOINT WARNING * * *
You feel better. You block the gnoll's attack.
The gnoll sergeant hits you with a +0 trident.
You feel very mighty all of a sudden. The gnoll hits you with a +0 club.
* * * LOW HITPOINT WARNING * * *
The gnoll sergeant completely misses you.
You closely miss the gnoll sergeant.
The gnoll sergeant is severely wounded.
The gnoll hits you with a +0 club.
* * * LOW HITPOINT WARNING * * *
The gnoll sergeant hits you with a +0 trident.
* * * LOW HITPOINT WARNING * * *
You sock the gnoll sergeant!
You kill the gnoll sergeant!
The gnoll hits you with a +0 club.
You die...

...#....#...........#'###≈~P...#+
...'....'.....)...).'.#.~≈~....##
...#....#...........#.#.~≈~....##
#####################.#.~≈≈....#
#......#.~≈≈....#
#......#.~~~....#
##)###.#.~≈~....#
#....#.#.≈≈~..P.#
#@...#.#.≈≈~....##
......g)...#'###≈~....#.
###################'#...#≈~P...##
....................#...#≈~....#
~~~~~~~~~~~~~≈h~≈~≈≈#####≈≈....#
≈≈≈≈≈~≈≈≈≈≈≈≈≈≈≈≈≈≈≈≈≈≈≈≈≈≈....##
~≈~~~††~~~≈~≈≈~~†~~~~~≈≈~~~....#.
......†...................P....##
..............P†...............#.


You could see a gnoll.

Vanquished Creatures
  A gnoll sergeant (D:3)
  A scorpion (D:2)
  2 hounds (D:3)
  13 gnolls (D:3)
  An adder (D:2)
  A worm (D:2)
  A dart slug (D:1)
  9 orcs (D:3)
  7 bats
  4 endoplasms
  5 giant cockroaches
  5 goblins
  3 hobgoblins
  14 jackals (D:3)
  A kobold (D:1)
  4 quokkas
  4 ball pythons
  4 frilled lizards
  4 rats
84 creatures vanquished.

Notes
Turn   | Place    | Note
-------+----------+-------------------------------------------
     0 | D:1      | vineage the Gargoyle Fighter began the quest for the Orb.
     0 | D:1      | Reached XP level 1. HP: 14/14 MP: 1/1
   101 | D:1      | Reached XP level 2. HP: 19/19 MP: 2/2
   384 | D:1      | Upgraded the game from 0.31-a0-233-g139696dc86 to
                  | 0.31-a0-237-g2d982f9f85
   776 | D:2      | Noticed a scorpion
   789 | D:2      | Killed a scorpion
   790 | D:2      | Reached XP level 3. HP: 17/24 MP: 3/3
   790 | D:2      | Reached XP level 4. HP: 21/29 MP: 4/4
  1000 | D:2      | Identified the +9 dagger of Ikyiduypn {drain, rElec rCorr}
  1828 | D:3      | Reached XP level 5. HP: 25/33 MP: 5/5
  2030 | D:3      | Reached XP level 6. HP: 24/38 MP: 6/6
  2731 | D:3      | Found Usetaik's General Store.
  2944 | D:3      | Slain by a gnoll

Illustrated notes

Levels and vault maps discovered:
D:1:      eino_arrival_water_star, layout_loops_ring, serial_bayou,
          serial_bayou_pond_b, serial_bayou_pond_e, serial_bayou_lake_a,
          serial_bayou_ford_a, minmay_worlds_worst_comb
D:2:      layout_loops_ring
D:3:      lemuel_castle_with_subvaults [lemuel_castle_interior_carwin_1],
          layout_loops_corners, serial_shops, nicolae_shop_window_shopping,
          serial_rivers, chequers_serial_rivers_micro_e,
          chequers_serial_rivers_room_b, chequers_serial_rivers_micro_a,
          chequers_serial_rivers_large_b

Skill      XL: |  1  2  3  4  5 |
---------------+----------------+-----
Maces & Flails | 3 4 |  4.5
Armour         | 4 |  4.5
Shields        | 4 |  4.5
Fighting       | 4 |  4.5

Action                     |  1- 3 |  4- 6 || total
---------------------------+-------+-------++-------
  Melee: Flail             |    68 |   237 ||   305
    Use: Potion            |       |     6 ||     6
         Scroll            |       |     1 ||     1
 Armour: Scale mail        |    29 |   155 ||   184
  Dodge: Dodged            |    37 |   139 ||   176
  Block: Buckler           |    20 |    74 ||    94

Table legend: (Time is in decaauts)
 A = Elapsed time spent in this place.
 B = Non-inter-level travel time spent in this place.
 C = Inter-level travel time spent in this place.
 D = Time resting spent in this place.
 E = Time spent auto-exploring this place.
 F = Levels seen in this place.
 G = Mean time per level.
                   A        B        C        D        E       F      G
               +--------+--------+--------+--------+--------+-----+--------+
         Total |   3083 |   3023 |     60 |    421 |   1977 |   3 | 1027.7 |
       Dungeon |   3083 |   3023 |     60 |    421 |   1977 |   3 | 1027.7 |
               +--------+--------+--------+--------+--------+-----+--------+

Top non-repeatable levels by time:
     D:3: 1476 daAuts
     D:1: 848 daAuts
     D:2: 758 daAuts
